 Dungeon Crawl Stone Soup version 0.30-a0-166-g5d06c95188 (webtiles) character file.

Game seed: 8489963600499836866

224 qw the Chopper (level 6, -3/37 HPs)
             Began as a Gargoyle Fighter on Sept 28, 2022.
             Slain by an iron imp (8 damage)
             ... summoned by Eustachio
             ... on level 4 of the Dungeon.
             The game lasted 00:01:06 (2918 turns).

qw the Chopper (Gargoyle Fighter)                   Turns: 2918, Time: 00:01:07

Health: -3/37      AC: 15    Str: 20 (22) XL:     6   Next: 0%
Magic:  6/6        EV:  7    Int:  7 (8)  God:
Gold:   12         SH:  5    Dex: 15      Spells: 5/5 levels left

rFire   . . .      SeeInvis .    Y - +2 war axe
rCold   . . .      Faith    .    c - +0 buckler
rNeg    + . .      Spirit   .    j - +0 chain mail
rPois   inf        Reflect  .    i - +1 helmet
rElec   +          Harm     .    (no cloak)
rCorr   .          Rampage  .    (no gloves)
Will    .....                    (no boots)
Stlth   ..........               (no amulet)
HPRegen 0.12/turn                g - +6 ring of dexterity
MPRegen 0.10/turn                (no ring)

@: about to teleport
A: sickness immunity, AC +4, negative energy resistance 1, electricity
resistance, torment resistance 1, petrification resistance
a: no special abilities


You were on level 4 of the Dungeon.
You visited 1 branch of the dungeon, and saw 4 of its levels.

You collected 230 gold pieces.
You spent 218 gold pieces at shops.


Innate Abilities, Weirdness & Mutations

You are immune to sickness and miasma.
Your stone body is resilient. (AC +4)
You are immune to poison.
You resist negative energy. (rN+)
You are resistant to electric shocks. (rElec)
You are resistant to unholy torment.
You are immune to petrification.


   Skills:
 + Level 3.4 Fighting
 - Level 5.0 Axes
 - Level 1.0 Throwing
 - Level 3.2 Armour
 - Level 1.0 Dodging
 - Level 3.2 Shields


You had 5 spell levels left.
You didn't know any spells.
Your spell library was empty.

Inventory:

Hand Weapons
 a - a +0 flail
 Y - a +2 war axe (weapon)
Missiles
 l - 4 javelins (quivered)
 m - 10 boomerangs
Armour
 c - a +0 buckler (worn)
 i - a +1 helmet (worn)
 j - a +0 chain mail (worn)
Jewellery
 g - a +6 ring of dexterity (left hand)
Scrolls
 b - 2 scrolls of teleportation
 f - 3 scrolls of identify
Potions
 d - 3 potions of might
 e - a potion of resistance
 h - a potion of magic {unknown}
 k - 2 potions of curing {unknown}
 n - a potion of flight {unknown}
 o - a potion of mutation
 p - a potion of heal wounds {unknown}

Dungeon Overview and Level Annotations

Branches:
Dungeon (4/15)
 Temple: D:4-7

Altars:
Dithmenos
Makhleb

Shops:
D:2 *   D:4 ?

Annotations:
D:4 Eustachio


Message History

You hit Eustachio.
Eustachio is severely wounded.
You barely miss the iron imp. You slash the quokka!
You kill the quokka!
The quokka's corpse disappears in a puff of smoke!
You block Eustachio's attack. The iron imp barely misses you.
Eustachio completely misses you.
The river rat bites you but does no damage.
You closely miss Eustachio.
Eustachio is severely wounded.
You hit the iron imp. You barely miss the river rat.
You block the iron imp's attack. Eustachio hits you but does no damage.
The river rat twitches its whiskers.
The river rat bites you but does no damage.
You closely miss Eustachio.
Eustachio is severely wounded.
You hit the iron imp but do no damage. You hit the river rat.
Eustachio barely misses you. The iron imp hits you. The river rat bites you.
2916 ||| READING 3 scrolls of teleportation.
As you read the scroll of teleportation, it crumbles to dust.
You feel strangely unstable.
Eustachio brags, "I can call spirits from the vasty deep."
Eustachio hits you but does no damage.
The river rat bites you but does no damage.
The iron imp hits you but does no damage.
You closely miss Eustachio.
Eustachio is severely wounded.
You hit the iron imp but do no damage. You barely miss the river rat.
Eustachio casts a spell.
The river rat bites you.
The iron imp hits you but does no damage.
Eustachio barely misses you.
You closely miss Eustachio.
Eustachio is severely wounded.
You hit the river rat.
You kill the river rat!
The river rat's corpse disappears in a puff of smoke!
You hit the iron imp but do no damage. The iron imp hits you!
You die...

... ...# ..( ...###...
#........ ###..#....
#....#..# ####
#.......#..
#...##..r@.....#
#....#..@..#..#
#.....5...# . .
##....###.... .
..###...####.#.# ##
......#%..##.####.. #.
....................
###
#.##.###.#............
.. #
#.#................. #
#...7............ ...
#


You could see Eustachio, an iron imp (summoned) and a quokka (summoned).

Vanquished Creatures
  An orc priest (D:3)
  An iguana (D:4)
  Robin (D:2)
  4 gnolls (D:2)
  2 adders
  2 dart slugs (D:3)
  2 orcs (D:3)
  8 ball pythons
  3 bats
  11 endoplasms
  5 giant cockroaches
  15 goblins
  12 hobgoblins
  3 jackals (D:3)
  4 quokkas
  3 frilled lizards (D:2)
  4 kobolds
  5 rats
86 creatures vanquished.

Notes
Turn   | Place    | Note
-------+----------+-------------------------------------------
     0 | D:1      | qw the Gargoyle Fighter began the quest for the Orb.
     0 | D:1      | Reached XP level 1. HP: 14/14 MP: 1/1
     0 | D:1      | 0 ||| qw: Version: 0.2-a-12-gaebbb33
     0 | D:1      | 0 ||| qw: Game counter: 975
     0 | D:1      | 0 ||| qw: Always use a shield: true
     0 | D:1      | 0 ||| qw: God list: Okawaru
     0 | D:1      | 0 ||| qw: Allow faded altars: false
     0 | D:1      | 0 ||| qw: Do Orc after D:15 true
     0 | D:1      | 0 ||| qw: Do second Lair branch before Depths: true
     0 | D:1      | 0 ||| qw: Lair rune preference: random
     0 | D:1      | 0 ||| qw: Plans: Normal, Zot:1-4, God:TSO, Crypt, Tomb,
                  | Pan, Slime:5, Hells, Abyss, Orb
     0 | D:1      | 0 ||| PLANNING D:1-11
   200 | D:1      | Reached skill level 2 in Axes
   251 | D:1      | 251 ||| Stepping ~*~*~tactically~*~*~ (stealth).
   255 | D:1      | 255 ||| Stepping ~*~*~tactically~*~*~ (stealth).
   258 | D:1      | Reached XP level 2. HP: 19/19 MP: 2/2
   261 | D:1      | 261 ||| Stepping ~*~*~tactically~*~*~ (stealth).
   688 | D:1      | 688 ||| Stepping ~*~*~tactically~*~*~ (stealth).
   690 | D:1      | Reached skill level 3 in Axes
   699 | D:1      | 699 ||| DROPPING +0 club.
   724 | D:1      | 724 ||| READING scroll labelled ASUASHR FOJACRA.
   725 | D:1      | 725 ||| READING scroll labelled WERAEBLACZU.
   726 | D:1      | 726 ||| READING scroll labelled BAFIKL CUYMM.
   730 | D:1      | 730 ||| READING scroll labelled YDWIETHR JORIURR.
   751 | D:2      | Reached XP level 3. HP: 17/23 MP: 3/3
   761 | D:2      | HP: 2/23 [gnoll/+0 flail (5)]
   763 | D:2      | Reached XP level 4. HP: 3/28 MP: 4/4
   763 | D:2      | 763 ||| FLEEEEING.
   764 | D:2      | 764 ||| FLEEEEING.
   765 | D:2      | 765 ||| FLEEEEING.
   766 | D:2      | 766 ||| FLEEEEING.
   767 | D:2      | 767 ||| STAIRDANCE
  1055 | D:2      | 1055 ||| DROPPING +0 whip.
  1189 | D:2      | Found a shadowy altar of Dithmenos.
  1218 | D:2      | 1218 ||| Stepping ~*~*~tactically~*~*~ (stealth).
  1364 | D:2      | 1364 ||| READING scroll of enchant weapon.
  1364 | D:2      | 1364 ||| ENCHANTING +1 war axe.
  1408 | D:2      | 1408 ||| Stepping ~*~*~tactically~*~*~ (stealth).
  1411 | D:2      | 1411 ||| Stepping ~*~*~tactically~*~*~ (hiding).
  1413 | D:2      | 1413 ||| Stepping ~*~*~tactically~*~*~ (hiding).
  1417 | D:2      | Noticed Robin
  1419 | D:2      | 1419 ||| Stepping ~*~*~tactically~*~*~ (hiding).
  1421 | D:2      | 1421 ||| Stepping ~*~*~tactically~*~*~ (hiding).
  1430 | D:2      | Reached skill level 1 in Throwing
  1430 | D:2      | Killed Robin
  1431 | D:2      | Reached skill level 4 in Axes
  1513 | D:2      | 1513 ||| FLEEEEING.
  1514 | D:2      | 1514 ||| FLEEEEING.
  1515 | D:2      | 1515 ||| FLEEEEING.
  1516 | D:2      | 1516 ||| FLEEEEING.
  1517 | D:2      | 1517 ||| FLEEEEING.
  1518 | D:2      | 1518 ||| FLEEEEING.
  1522 | D:2      | 1522 ||| FLEEEEING.
  1523 | D:2      | 1523 ||| FLEEEEING.
  1524 | D:2      | 1524 ||| STAIRDANCE
  1575 | D:1      | 1575 ||| UPGRADING to +6 ring of dexterity.
  1576 | D:1      | 1576 ||| READING scroll labelled YREGEB WISCHUI.
  1631 | D:1      | 1631 ||| DRINKING 2 orange potions.
  1632 | D:1      | 1632 ||| READING 2 scrolls of identify.
  1632 | D:1      | 1632 ||| IDENTIFYING murky emerald potion
  1633 | D:1      | 1633 ||| DROPPING potion of degeneration.
  1702 | D:2      | 1702 ||| Stepping ~*~*~tactically~*~*~ (stealth).
  1911 | D:2      | Found a faded altar of an unknown god.
  1999 | D:2      | Reached XP level 5. HP: 32/32 MP: 5/5
  2079 | D:2      | Found Nanit's General Store.
  2087 | D:2      | 2087 ||| BUYING potion of mutation (88 gold).
  2087 | D:2      | Bought a potion of mutation for 88 gold pieces
  2087 | D:2      | 2087 ||| SHOPLISTING ring of willpower (275 gold, have 18).
  2087 | D:2      | 2087 ||| SHOPLISTING scroll of identify (22 gold, have 18).
  2087 | D:2      | 2087 ||| SHOPLISTING scroll of teleportation (33 gold, have
                  | 18).
  2087 | D:2      | 2087 ||| UPGRADING to +1 helmet.
  2092 | D:2      | 2092 ||| DRINKING 3 blue potions.
  2093 | D:2      | 2093 ||| DROPPING 2 potions of brilliance.
  2123 | D:3      | 2123 ||| STAIRDANCE
  2131 | D:3      | Reached skill level 1 in Dodging
  2135 | D:3      | 2135 ||| Stepping ~*~*~tactically~*~*~ (stealth).
  2165 | D:3      | Found a burning altar of Makhleb.
  2206 | D:3      | 2206 ||| Stepping ~*~*~tactically~*~*~ (hiding).
  2307 | D:3      | 2307 ||| Stepping ~*~*~tactically~*~*~ (stealth).
  2444 | D:3      | Identified the +1 robe of the Great Game {+Inv rPois Regen+
                  | SInv}
  2717 | D:3      | 2717 ||| UPGRADING to +0 chain mail.
  2727 | D:3      | 2727 ||| DROPPING +0 scale mail.
  2777 | D:4      | Reached skill level 5 in Axes
  2808 | D:4      | 2808 ||| Stepping ~*~*~tactically~*~*~ (stealth).
  2809 | D:4      | 2809 ||| Stepping ~*~*~tactically~*~*~ (stealth).
  2865 | D:4      | Found Hegufij's Magic Scroll Emporium.
  2868 | D:4      | Reached XP level 6. HP: 37/37 MP: 6/6
  2875 | D:4      | 2875 ||| BUYING 3 scrolls of teleportation (90 gold).
  2875 | D:4      | Bought 3 scrolls of teleportation for 90 gold pieces
  2875 | D:4      | 2875 ||| SHOPLISTING scroll of brand weapon (95 gold, have
                  | 52).
  2875 | D:4      | 2875 ||| BUYING scroll of identify (20 gold).
  2875 | D:4      | Bought a scroll of identify for 20 gold pieces
  2875 | D:4      | 2875 ||| BUYING scroll of identify (20 gold).
  2875 | D:4      | Bought a scroll of identify for 20 gold pieces
  2875 | D:4      | 2875 ||| SHOPLISTING scroll of teleportation (30 gold, have
                  | 12).
  2892 | D:4      | Noticed Eustachio
  2915 | D:4      | HP: 9/37 [river rat[Eustachio] (2)]
  2916 | D:4      | 2916 ||| READING 3 scrolls of teleportation.
  2918 | D:4      | Slain by an iron imp

Levels and vault maps discovered:
D:1:      dpeg_cavernosity, layout_rooms
D:2:      layout_loops_ring, serial_shops, nicolae_lakefront_shop, basic_altar,
          hellmonk_ecumenical_altar_heavens_door, uniq_robin
D:3:      layout_basic, mainiacjoe_overflow_boulevard, minmay_misc_feat_encased,
          kennysheep_generic_room_13
D:4:      layout_cave_pools, led_sif_book, serial_shops, nicolae_shop_trees,
          minivault_1, uniq_eustachio, uniq_crazy_yiuf_cottage

Skill      XL: |  1  2  3  4  5 |
---------------+----------------+-----
Axes           | 2 3 4 5 |  5.0
Throwing       | 1 |  1.0
Dodging        | 1 |  1.0
Fighting       | |  3.4
Armour         | |  3.2
Shields        | |  3.2

Action                   |  1- 3 |  4- 6 || total
-------------------------+-------+-------++-------
Melee: War axe           |    70 |   132 ||   202
Throw: Javelin           |       |    33 ||    33
  Use: Scroll            |     4 |     4 ||     8
       Potion            |       |     2 ||     2
Armor: Scale mail        |    33 |    41 ||    74
       Chain mail        |       |    27 ||    27
Dodge: Dodged            |    28 |    68 ||    96
Block: Buckler           |    14 |    29 ||    43

Table legend:
 A = Non-vault XP
 B = Vault XP
 C = Vault XP percentage of total XP
 D = Non-vault monster count
 E = Vault monster count
 F = Vault count percentage of total count
                 A         B        C        D         E       F
            +---------+---------+-------+---------+---------+-------
      Total |     277 |      44 |  13.7 |      69 |      17 |  19.8
            +---------+---------+-------+---------+---------+-------
        D:1 |      28 |       5 |  15.2 |      15 |       4 |  21.1
        D:2 |      97 |      39 |  28.7 |      21 |      13 |  38.2
        D:3 |      98 |       0 |   0.0 |      23 |       0 |   0.0
        D:4 |      54 |       0 |   0.0 |      10 |       0 |   0.0
            +---------+---------+-------+---------+---------+-------
